 Dungeon Crawl Stone Soup version 0.32-a0-22-g6ae6769 (webtiles) character file.

Game seed: 17059657865949673591

21004 iloveai the Severer (level 12, -1/118 HPs)
             Began as a Hill Orc Fighter on Jan 18, 2024.
             Was a Priest of Qazlal.
             Slain by Snorg (21 damage)
             ... on level 3 of the Lair of Beasts.
             The game lasted 00:37:06 (13892 turns).

iloveai the Severer (Hill Orc Fighter)             Turns: 13892, Time: 00:37:07

Health: -1/118     AC: 20    Str: 21    XL:     12   Next: 85%
Magic:  19/19      EV:  6    Int:  8    God:    Qazlal [***...]
Gold:   363        SH: 14    Dex: 10    Spells: 11/11 levels left

rFire   + . .        a - +0 war axe
rCold   + . .        H - +0 kite shield
rNeg    . . .        I - +0 plate armour
rPois   +            M - +2 hat "Kihusab" {rPois rF++ Str-3 Stlth+}
rElec   .            r - scarf {repulsion}
rCorr   .            Q - +1 pair of gloves
SInv    +            m - +0 pair of boots
Will    .....        q - amulet of regeneration Stlth
                     y - ring of ice
HPRegen 1.19/turn    L - ring of see invisible
MPRegen 0.16/turn

%: repel missiles
@: studying Fighting
A: no striking features
a: Renounce Religion, Upheaval, Elemental Force


You were on level 3 of the Lair of Beasts.
You worshipped Qazlal.
Qazlal was most pleased with you.
You visited 3 branches of the dungeon, and saw 15 of its levels.
You also visited: Sewer.

You collected 977 gold pieces.
You spent 614 gold pieces at shops.

Inventory:

Hand Weapons
 a - a +0 war axe (weapon)
 C - a +0 morningstar
Missiles
 O - a curare-tipped dart (quivered)
 R - a throwing net
Armour
 m - a +0 pair of boots (worn)
 r - a scarf of repulsion (worn)
 H - a +0 kite shield (worn)
 I - a +0 plate armour (worn)
 M - the +2 hat "Kihusab" (worn) {rPois rF++ Str-3 Stlth+}
   (You bought it in a shop on level 3 of the Dungeon)

   Str-3:     It affects your strength (-3).
   rF++:      It greatly protects you from fire.
   rPois:     It protects you from poison Stlth+: It makes you more stealthy.
 Q - a +1 pair of gloves (worn)
 T - a +0 pair of gloves of strength
Magical Staves
 J - a staff of death
Jewellery
 q - an amulet of regeneration (around neck)
 w - a ring of magical power
 y - a ring of ice (left hand)
 G - a ring of flight
 K - a ring of ice
 L - a ring of see invisible (right hand)
 N - a ring of resist corrosion
Wands
 D - a wand of flame (40)
 S - a wand of charming (8)
Scrolls
 b - a scroll of poison
 d - 3 scrolls of noise {unknown}
 e - 3 scrolls of enchant weapon
 g - 2 scrolls of vulnerability
 h - 2 scrolls of blinking
 l - 3 scrolls of immolation {unknown}
 n - 8 scrolls of identify
 p - 3 scrolls of teleportation
 s - a scroll of brand weapon {unknown}
 u - 3 scrolls of fog {unknown}
 z - a scroll of silence {unknown}
 B - 2 scrolls of fear
 E - 2 scrolls of enchant armour {unknown}
 F - 3 scrolls of revelation {unknown}
 P - a scroll of summoning {unknown}
Potions
 f - a potion of enlightenment
 i - 3 potions of attraction {unknown}
 j - a potion of cancellation {unknown}
 k - 6 potions of curing
 o - 2 potions of haste {unknown}
 t - 3 potions of resistance {unknown}
 v - 3 potions of heal wounds
 x - 2 potions of brilliance {unknown}
 A - 2 potions of lignification {unknown}
Miscellaneous
 c - a condenser vane


   Skills:
 + Level 14.6 Fighting
 - Level 16.3 Axes
 + Level 9.2 Armour
 + Level 10.1 Shields
 + Level 10.1 Invocations


You had 11 spell levels left.
You didn't know any spells.
Your spell library contained the following spells:

 Spells                   Type           Power      Damage    Failure   Level
 Freeze                   Ice            0%         1d3       100%        1
 Ensorcelled Hibernation  Hex/Ice        0%         N/A       100%        2
 Scorch                   Fire           0%         2d5       100%        2
 Frozen Ramparts          Ice            0%         1d1       100%        3
 Fugue of the Fallen      Necr           0%         N/A       100%        3
 Hailstorm                Conj/Ice       0%         3d5       100%        3
 Anguish                  Hex/Necr       0%         N/A       100%        4
 Flame Wave               Conj/Fire      0%         2d4       100%        4
 Summon Cactus Giant      Summ           0%         N/A       100%        6


Dungeon Overview and Level Annotations

Branches:
Dungeon (11/15)            Temple (1/1) D:5            Lair (3/5) D:11
    Orc (0/2) D:9           Sewer (visited)
  Swamp: Lair:2-3    Shoals: Lair:2-3     Snake: Lair:2-3    Spider: Lair:2-3

Altars:
Ashenzari
Cheibriados
Dithmenos
Elyvilon
Fedhas
Gozag
Hepliaklqana
Kikubaaqudgha
Makhleb
Nemelex Xobeh
Okawaru
Qazlal
Ru
Sif Muna
Trog
Uskayaw
Vehumet
Wu Jian
Xom
Yredelemnul
Zin
The Shining One
Lugonu

Shops:
D:3 [[?!   D:4 =   D:9 *

Annotations:
D:8 4 runed translucent doors
Lair:3 Rupert, Snorg, Urug


Message History

You closely miss Snorg.
Snorg is severely wounded.
You slash the yak! You block Snorg's attack.
Snorg claws you but does no damage. Snorg barely misses you.
The yak is engulfed in freezing vapours.
You block the yak's attack.
A yak comes into view.
You closely miss Snorg.
Snorg is severely wounded.
You slash the yak!
You hear a bellow!
Snorg bites you!
* * * LOW HITPOINT WARNING * * *
Snorg claws you.
* * * LOW HITPOINT WARNING * * *
You block Snorg's attack.
A yak comes into view.
You block the yak's attack. Snorg bites you.
* * * LOW HITPOINT WARNING * * *
You block Snorg's attack. Snorg claws you but does no damage.
You slash Snorg!
Snorg is severely wounded.
You slash the yak!
You hear a bellow!
Snorg bites you but does no damage. Snorg closely misses you.
You block Snorg's attack. You block the yak's attack.
You closely miss Snorg.
Snorg is severely wounded.
You slash the yak! You block Snorg's attack. Snorg claws you!
* * * LOW HITPOINT WARNING * * *
You block Snorg's attack.
You hit Snorg.
Snorg is severely wounded.
You slice the yak!!
You kill the yak!
Qazlal accepts your kill.
You hear a bellow!
A yak comes into view.
Snorg bites you!!
You die...

.... ##. ..... #....
..... #.... ###
...... #.Y.
#.##......
####.Y###.#.$.....
###.#...............
........Y☼†T.....>..
........#.@##.......
.#....#.# .......
##..#### ...#.##
#..# ...# # #..##
.... ##...# ...#.
#...## #...# ##..#


You could see Snorg (berserk) and 3 yaks.

Vanquished Creatures
  Fannar (D:10)
  A two-headed ogre (D:9)
  3 death yaks
  A deep elf pyromancer (D:8)
  An ugly thing (D:8)
  4 cyclopes
  6 elephants (Lair:2)
  A cane toad (Lair:2)
  2 rime drakes
  2 kobold demonologists (D:10)
  3 komodo dragons (Lair:2)
  3 trolls
  Prince Ribbit (D:5)
  2 hornets (D:8)
  Sigmund (D:6)
  A shadow (D:9)
  2 wyverns
  11 yaks
  2 wraiths
  4 steam dragons
  2 basilisks
  Grum (Lair:1)
  2 vampire mosquitoes (D:11)
  5 water moccasins
  An acid dragon (D:10)
  7 ice beasts
  6 orc warriors
  4 sky beasts
  A black bear (D:7)
  14 wolves
  5 centaurs
  5 kobold brigands
  2 brain worms (Sewer)
  7 bullfrogs
  A gnoll sergeant (D:7)
  3 scorpions
  4 wights (D:7)
  10 killer bees
  5 jellies
  3 sleepcaps
  5 orc priests
  2 gnoll boudas
  4 hounds
  2 iguanas (D:6)
  13 orc wizards
  15 gnolls
  2 river rats (D:4)
  15 adders
  A shadow imp (D:6)
  2 white imps
  2 dart slugs
  A ribbon worm (D:2)
  33 orcs
  5 endoplasms
  A giant cockroach (D:3)
  7 goblins
  3 hobgoblins
  4 jackals
  4 quokkas
  10 ball pythons
  2 bats
  7 frilled lizards
  20 kobolds
  7 rats
307 creatures vanquished.

Vanquished Creatures (others)
  2 orc wizards
2 creatures vanquished.

Grand Total: 309 creatures vanquished

Notes
Turn   | Place    | Note
-------+----------+-------------------------------------------
     0 | D:1      | iloveai the Hill Orc Fighter began the quest for the Orb.
     0 | D:1      | Reached XP level 1. HP: 19/19 MP: 1/1
   475 | D:1      | Reached XP level 2. HP: 22/26 MP: 2/2
   959 | D:2      | Reached XP level 3. HP: 25/31 MP: 3/3
  1263 | D:1      | Reached skill level 5 in Shields
  1268 | D:2      | Reached XP level 4. HP: 38/39 MP: 4/4
  1280 | D:1      | Reached skill level 3 in Axes
  1606 | D:2      | Reached skill level 4 in Axes
  1842 | D:2      | Reached XP level 5. HP: 41/45 MP: 5/5
  2005 | D:3      | Found Pymyitz's Distillery.
  2110 | D:3      | Found Yzxiov's Magic Scroll Emporium.
  2142 | D:3      | Bought a scroll of identify for 24 gold pieces
  2142 | D:3      | Bought a scroll of poison for 48 gold pieces
  2142 | D:3      | Bought a scroll of teleportation for 36 gold pieces
  2195 | D:3      | Found Onaclimu's Armour Emporium.
  2598 | D:3      | Bought a potion of curing for 36 gold pieces
  2670 | D:3      | Reached skill level 5 in Axes
  2914 | D:3      | Found Kibec's Armour Emporium.
  2924 | D:3      | Reached skill level 6 in Axes
  3267 | D:4      | Reached XP level 6. HP: 13/51 MP: 6/6
  3392 | D:4      | Reached skill level 7 in Axes
  3411 | D:4      | Found a glowing drain.
  3415 | Sewer    | Entered a sewer
  3635 | Sewer    | Reached skill level 8 in Axes
  3635 | Sewer    | Reached XP level 7. HP: 46/57 MP: 4/7
  3926 | D:4      | Reached skill level 9 in Axes
  3996 | D:4      | Found a glowing silver altar of Zin.
  4001 | D:4      | Found Ucvaech's Jewellery Boutique.
  4352 | D:4      | Found a bloodstained altar of Trog.
  4478 | D:5      | Entered Level 5 of the Dungeon
  4499 | D:5      | Found a shadowy altar of Dithmenos.
  4499 | D:5      | Noticed a shadow
  4501 | D:5      | Found a hazy altar of Hepliaklqana.
  4555 | D:5      | Found an ornate altar of the Wu Jian Council.
  4621 | D:5      | Found a staircase to the Ecumenical Temple.
  4631 | Temple   | Entered the Ecumenical Temple
  4737 | D:5      | Found an ancient bone altar of Kikubaaqudgha.
  4769 | D:5      | Reached skill level 10 in Axes
  4777 | D:5      | Noticed Prince Ribbit
  4809 | D:5      | Killed Prince Ribbit
  4810 | D:5      | Reached skill level 11 in Axes
  4810 | D:5      | Reached XP level 8. HP: 24/64 MP: 8/8
  5430 | D:6      | Reached skill level 12 in Axes
  5930 | D:6      | Noticed Sigmund
  5941 | D:6      | Killed Sigmund
  5942 | D:6      | Reached skill level 13 in Axes
  5944 | D:6      | Reached XP level 9. HP: 61/70 MP: 9/9
  6152 | D:6      | Reached skill level 14 in Axes
  6614 | D:7      | Reached skill level 5 in Fighting
  6644 | D:7      | You fall into a shaft and drop 3 floors!
  6644 | D:10     | Entered Level 10 of the Dungeon
  6668 | D:10     | Found a white marble altar of Elyvilon.
  6964 | D:8      | Noticed a hornet
  6969 | D:8      | Paralysed by a hornet for 3 turns
  6972 | D:8      | Killed a hornet
  6973 | D:8      | Reached skill level 15 in Axes
  7316 | D:7      | Found an opulent altar of Gozag.
  7531 | D:7      | Found a stormy altar of Qazlal.
  7533 | D:7      | Found a basalt altar of Yredelemnul.
  7533 | D:7      | Found a sacrificial altar of Ru.
  7539 | D:7      | Became a worshipper of Qazlal Stormbringer
  7547 | D:7      | Reached XP level 10. HP: 67/86 MP: 10/10
  7740 | D:7      | Noticed a cyclops
  7746 | D:7      | Reached skill level 1 in Invocations
  7800 | D:7      | Noticed a cyclops
  7813 | D:7      | Killed a cyclops
  7948 | D:7      | Killed a cyclops
  7949 | D:7      | Reached skill level 16 in Axes
  8587 | D:8      | Paralysed by a hornet for 1 turns
  8593 | D:8      | Paralysed by a hornet for 1 turns
  8688 | D:8      | Found a large runed translucent door.
  8688 | D:8      | Found a large runed translucent door.
  8698 | D:8      | Found a large runed translucent door.
  8698 | D:8      | Found a large runed translucent door.
  8727 | D:8      | Reached skill level 5 in Armour
  8734 | D:8      | Noticed a cyan ugly thing
  8749 | D:8      | Killed a cyan ugly thing
  8754 | D:8      | Reached * piety under Qazlal
  9090 | D:8      | Noticed a deep elf pyromancer
  9094 | D:8      | Reached XP level 11. HP: 99/99 MP: 14/14
  9097 | D:8      | Killed a deep elf pyromancer
  9098 | D:8      | Reached skill level 10 in Fighting
  9098 | D:8      | Reached skill level 5 in Invocations
  9577 | D:9      | Found Toaxt's Assorted Antiques.
  9889 | D:3      | Bought the +2 hat "Kihusab" {rPois rF++ Str-3 Stlth+} for
                  | 470 gold pieces
 10123 | D:9      | Found a hide-covered altar of Uskayaw.
 10175 | D:9      | Noticed a two-headed ogre
 10188 | D:9      | Killed a two-headed ogre
 10258 | D:9      | Reached ** piety under Qazlal
 10435 | D:9      | Found a staircase to the Orcish Mines.
 10695 | D:10     | Noticed a cyclops
 10718 | D:10     | Killed a cyclops
 10869 | D:10     | Found a burning altar of Makhleb.
 10902 | D:10     | Found a shimmering altar of Xom.
 10977 | D:10     | Noticed Fannar
 10994 | D:10     | Killed Fannar
 11063 | D:10     | Found a blossoming altar of Fedhas.
 11723 | D:11     | Noticed a cyclops
 11741 | D:11     | Killed a cyclops
 11847 | D:11     | Found a staircase to the Lair.
 11922 | D:11     | Reached XP level 12. HP: 113/113 MP: 18/18
 11925 | Lair:1   | Entered Level 1 of the Lair of Beasts
 11926 | Lair:1   | Noticed Grum
 11952 | Lair:1   | Killed Grum
 12986 | Lair:2   | Reached *** piety under Qazlal
 13262 | Lair:2   | Noticed a death yak
 13286 | Lair:2   | Noticed a death yak
 13289 | Lair:2   | Noticed a death yak
 13291 | Lair:2   | Noticed a death yak
 13291 | Lair:2   | Noticed a death yak
 13294 | Lair:2   | Noticed a death yak
 13294 | Lair:2   | Noticed a death yak
 13295 | Lair:2   | Noticed a death yak
 13296 | Lair:2   | Noticed a death yak
 13300 | Lair:2   | Noticed a death yak
 13739 | Lair:2   | Noticed a death yak
 13747 | Lair:2   | Noticed a death yak
 13752 | Lair:2   | Killed a death yak
 13753 | Lair:2   | Killed a death yak
 13754 | Lair:2   | Reached skill level 10 in Shields
 13775 | Lair:3   | Noticed Rupert
 13780 | Lair:3   | Reached skill level 10 in Invocations
 13781 | Lair:3   | Noticed Urug
 13781 | Lair:3   | Killed a death yak
 13865 | Lair:3   | Noticed Snorg
 13892 | Lair:3   | Slain by Snorg

Illustrated notes

Levels and vault maps discovered:
D:1:      ncdulo_wetmaze, layout_basic
D:2:      layout_basic
D:3:      minmay_evil_eye, layout_loops_corners, serial_shops, shop,
          nicolae_square_shop, shop, shop, kennysheep_minor_cross
D:4:      layout_loops_ring, amcnicky_altar_gilded,
          mainiacjoe_overflow_surrounded_room, serial_shops, shop,
          mainiacjoe_sewer_entry_somewhere_in_here_1, guppyfry_early_lair_pool
D:5:      layout_loops_ring, riverfiend_overflow_shadow_ancestor,
          mainiacjoe_overflow_small_starburst,
          nicolae_kikubaaqudgha_miasma_corner, minmay_temple_entry_grid,
          kennysheep_generic_room_15, uniq_prince_ribbit1
D:6:      layout_gridville, small_statue_intersection, hangedman_decor_growths,
          uniq_sigmund
D:7:      minmay_bubble_buster, layout_loops_corners,
          grunt_temple_overflow_open, grunt_gozag_breadcrumbs,
          minmay_manual_mullet
D:8:      layout_loops_ring, minmay_hollow_rounded_squares
D:9:      layout_small_grid, overflow_temple_1_default, david_orc_4,
          serial_shops, kennysheep_little_box
D:10:     layout_loops_corners, mainiacjoe_overflow_alcove_2,
          lemuel_doored_altar, lemuel_tele_altar, mainiacjoe_overflow_boulevard,
          serial_glass, glass_columns_a, glass_columns_b, uniq_fannar
D:11:     layout_loops_ring, hellmonk_lair_entry_icy, due_unseen_surprise
Temple:   corrupted_temple
Lair:1:   layout_regular_city, serial_bayou_pond_e, uniq_grum
Lair:2:   layout_chaotic_city
Lair:3:   layout_small_grid, shoals_dummy_entry, spider_nest_entry_webs, pond,
          lemuel_fruit_fields, uniq_rupert, uniq_urug, uniq_snorg

Skill      XL: |  1  2  3  4  5  6  7  8  9 10 11 12 |
---------------+-------------------------------------+-----
Shields        | 4 5 6 8 10 | 10.1
Axes           | 4 6 8 11 13 15 16 | 16.3
Fighting       | 7 9 12 14 | 14.6
Invocations    | 4 8 10 | 10.1
Armour         | 5 7 9 |  9.2

Action                     |  1- 3 |  4- 6 |  7- 9 | 10-12 || total
---------------------------+-------+-------+-------+-------++-------
  Melee: War axe           |    74 |   249 |   433 |   772 ||  1528
  Throw: Dart              |       |       |       |     1 ||     1
 Invoke: Upheaval          |       |       |       |     1 ||     1
  Evoke: Wand              |       |       |       |     5 ||     5
    Use: Scroll            |       |     5 |     3 |     3 ||    11
         Potion            |       |       |     2 |     1 ||     3
 Armour: Scale mail        |    45 |   155 |   276 |    75 ||   551
         Plate armour      |       |       |       |   438 ||   438
  Dodge: Dodged            |    35 |   121 |   115 |   149 ||   420
         Repelled          |       |       |     4 |     1 ||     5
  Block: Buckler           |    15 |    62 |    77 |    12 ||   166
         Kite shield       |       |       |       |   408 ||   408

Table legend: (Time is in decaauts)
 A = Elapsed time spent in this place.
 B = Non-inter-level travel time spent in this place.
 C = Inter-level travel time spent in this place.
 D = Time resting spent in this place.
 E = Time spent auto-exploring this place.
 F = Levels seen in this place.
 G = Mean time per level.
                   A        B        C        D        E       F      G
               +--------+--------+--------+--------+--------+-----+--------+
         Total |  13912 |  12569 |   1343 |    789 |   8650 |  16 |  869.5 |
       Dungeon |  11781 |  10491 |   1290 |    648 |   7290 |  11 | 1071.0 |
        Temple |     31 |     31 |      0 |      0 |      0 |   1 |   31.0 |
          Lair |   1703 |   1651 |     52 |    141 |   1117 |   3 |  567.7 |
         Sewer |    395 |    395 |      0 |      0 |    243 |   1 |  395.0 |
               +--------+--------+--------+--------+--------+-----+--------+

Top non-repeatable levels by time:
     D:7: 1685 daAuts
     D:3: 1339 daAuts
    D:10: 1265 daAuts
     D:2: 1162 daAuts
     D:9: 1128 daAuts
     D:4: 1066 daAuts
     D:6: 1063 daAuts
     D:8: 1049 daAuts
     D:1: 986 daAuts
     D:5: 822 daAuts
  Lair:1: 804 daAuts
  Lair:2: 785 daAuts
   Sewer: 395 daAuts
    D:11: 212 daAuts
  Lair:3: 113 daAuts
